 Dungeon Crawl Stone Soup version 0.30-a0-368-g86fb4627a9 (webtiles) character file.

Game seed: 16645586321106274871

65 avis the Chiller (level 3, -1/29 HPs)
             Began as a Demigod Ice Elementalist on Nov 19, 2022.
             Succumbed to Terence's poison
             ... on level 2 of the Dungeon.
             The game lasted 00:08:20 (1682 turns).

avis the Chiller (Demigod Ice Elementalist)         Turns: 1682, Time: 00:08:21

Health: -1/29      AC: 10    Str:  7 (9)  XL:     3   Next: 66%
Magic:  1/9        EV: 12    Int: 16 (17) God:
Gold:   75         SH:  0    Dex: 16 (18) Spells: 0/7 levels left

rFire   . . .      SeeInvis .    a - +0 long sword
rCold   . . .      Faith    .    (no shield)
rNeg    . . .      Spirit   .    g - +0 robe
rPois   .          Reflect  .    e - +1 helmet
rElec   .          Harm     .    (no cloak)
rCorr   .          Rampage  .    (no gloves)
Will    .....                    (no boots)
Stlth   ++........               (no amulet)
HPRegen 0.24/turn                (no ring)
MPRegen 0.11/turn                (no ring)

@: mighty, lethally poisoned (-1 -> -19), ice-armoured, flying, very slightly
contaminated
A: high MP 1, forlorn, divine attributes
a: no special abilities


You were on level 2 of the Dungeon.
You visited 1 branch of the dungeon, and saw 2 of its levels.

You collected 75 gold pieces.

Inventory:

Hand Weapons
 a - a +0 long sword (weapon)
Armour
 e - a +1 helmet (worn)
 g - a +0 robe (worn)
Jewellery
 f - an amulet of reflection
Scrolls
 b - a scroll of enchant armour {unknown}
 h - 2 scrolls of identify {unknown}
 j - a scroll of blinking {unknown}
 l - a scroll of poison {unknown}
 m - a scroll of teleportation {unknown}
 n - 2 scrolls of magic mapping {unknown}
Potions
 c - a potion of might
 k - a potion of attraction {unknown}


   Skills:
 - Level 2.0 Fighting
 - Level 1.7 Dodging
 - Level 1.7 Stealth
 - Level 2.5 Spellcasting
 * Level 4.0 Ice Magic


You couldn't memorise any spells.
You knew the following spells:

 Your Spells              Type           Power      Damage    Failure   Level
a - Freeze                Ice            56%        1d7       3%          1
o - Ozocubu's Armour      Ice            14%        N/A       11%         3
r - Frozen Ramparts       Ice            28%        1d5       11%         3

Your spell library contained the following spells:

 Spells                   Type           Power      Damage    Failure   Level
 Summon Ice Beast         Ice/Summ       8%         N/A       65%         4


Dungeon Overview and Level Annotations

Branches:
Dungeon (2/15)

Shops:
D:1 !

Annotations:
D:2 Terence


Innate Abilities, Weirdness & Mutations

You have an increased reservoir of magic. (+10% MP)
You shall have no god before yourself.
Your divine heritage dramatically boosts your attributes as you level up.


Message History

The wall freezes Terence but does no damage.
Terence barely misses you.
You slash Terence!
Terence is moderately wounded.
The wall freezes Terence but does no damage.
Terence hits you but does no damage.
The wall freezes the rat. x2
You kill the rat!
The wall freezes Terence but does no damage.
Terence hits you with a +2 mace of venom.
You closely miss Terence.
Terence is moderately wounded.
The wall freezes Terence but does no damage.
Terence hits you but does no damage.
You are poisoned.
You hit Terence but do no damage. You punch Terence, but do no damage.
Terence is moderately wounded.
You feel very sick.
The wall freezes Terence but does no damage.
Terence hits you with a +2 mace of venom.
You are more poisoned.
The wall freezes Terence but does no damage.
Terence hits you with a +2 mace of venom.
You are lethally poisoned!
It was a potion of might.
You feel very mighty all of a sudden.
The frozen ramparts melt away.
You feel extremely sick.
Terence hits you with a +2 mace of venom.
* * * LOW HITPOINT WARNING * * *
It was a potion of flight.
You feel very buoyant.
You fly up into the air.
* * * LOW HITPOINT WARNING * * *
You feel very sick. Terence shouts, "Now you die!" Terence misses you.
It was a potion of degeneration.
There was something very wrong with that liquid.
You feel weakened.
You feel dopey.
You feel clumsy.
You die...

#####..#.. ######....
#......#.. #?.......#
#.#......#.# #....#...#
#.#......#.# #....#...#
...# ##.#......#.# #...
#..## ....
.........#.###.####..#
....
......##.#....).....###
#..
#.#.####...........## .
#...#.....@@.#.......###
. #...#.#.####.#....####
# #............#.####
##..#.#####..#...# #
####..#.#####..#r....# #
...............#......#
r
..>.........<..#.###..#
####..#.#.##...#.# ...#
#...........#.. ..#


You could see Terence.

Vanquished Creatures
  2 adders (D:2)
  A worm (D:2)
  3 dart slugs
  4 ball pythons
  5 bats (D:1)
  6 endoplasms
  2 goblins (D:2)
  5 hobgoblins
  2 kobolds (D:1)
  A quokka (D:1)
  3 frilled lizards
  2 rats
36 creatures vanquished.

Notes
Turn   | Place    | Note
-------+----------+-------------------------------------------
     0 | D:1      | avis the Demigod Ice Elementalist began the quest for the
                  | Orb.
     0 | D:1      | Reached XP level 1. HP: 14/14 MP: 5/5
   127 | D:1      | Reached skill level 4 in Ice Magic
   131 | D:1      | Reached XP level 2. HP: 8/20 MP: 0/7
   306 | D:1      | Found Goomu's Distillery.
   418 | D:1      | Reached skill level 1 in Fighting
  1042 | D:2      | Reached XP level 3. HP: 28/28 MP: 4/9
  1046 | D:2      | Learned a level 3 spell: Frozen Ramparts
  1050 | D:2      | Learned a level 3 spell: Ozocubu's Armour
  1667 | D:2      | Noticed Terence
  1682 | D:2      | Succumbed to Terence's poison

Illustrated notes

Levels and vault maps discovered:
D:1:      amcnicky_arrival_blooded_trapdoor, layout_rooms, serial_shops,
          nicolae_shop_statue_plus
D:2:      minmay_recursive_quarters, layout_basic,
          shapermc_ecumenical_altar_ellora, uniq_terence

Skill      XL: |  1  2  3 |
---------------+----------+-----
Ice Magic      | 4 |  4.0
Spellcasting   | 2 |  2.5
Fighting       | 1 2 |  2.0
Dodging        | |  1.7
Stealth        | |  1.7

Action                   || total
-------------------------++-------
Melee: Long sword        ||     9
       Unarmed           ||     1
       Punch             ||     1
 Cast: Freeze            ||    51
       Frozen Ramparts   ||     2
       Ozocubu's Armour  ||     1
  Use: Potion            ||     4
 Stab: Sleeping          ||     4
Armor: Robe              ||    10
Dodge: Dodged            ||    25

Table legend: (Time is in decaauts)
 A = Elapsed time spent in this place.
 B = Non-inter-level travel time spent in this place.
 C = Inter-level travel time spent in this place.
 D = Time resting spent in this place.
 E = Time spent auto-exploring this place.
 F = Levels seen in this place.
 G = Mean time per level.
                   A        B        C        D        E       F      G
               +--------+--------+--------+--------+--------+-----+--------+
         Total |   1684 |   1616 |     68 |    843 |    310 |   2 |  842.0 |
       Dungeon |   1684 |   1616 |     68 |    843 |    310 |   2 |  842.0 |
               +--------+--------+--------+--------+--------+-----+--------+

Top non-repeatable levels by time:
     D:1: 1022 daAuts
     D:2: 662 daAuts
